 Dungeon Crawl Stone Soup version 0.32-a0-540-g866d13106e (webtiles) character file.

Game seed: 3799805176650698508

3774 retardedninja the Cleaver (level 9, 0/85 HPs)
             Began as a Mountain Dwarf Fighter on Feb 28, 2024.
             Was a Follower of Cheibriados.
             Slain by a yak (12 damage)
             ... on level 8 of the Dungeon.
             The game lasted 00:11:55 (6355 turns).

retardedninja the Cleaver (Mountain Dwarf Fighter)  Turns: 6355, Time: 00:12:02

Health: 0/85       AC: 12    Str: 26    XL:     9   Next: 95%
Magic:  9/9        EV:  8    Int: 12    God:    Cheibriados [*.....]
Gold:   447        SH:  6    Dex: 18    Spells: 8/8 levels left

rFire   . . .        a - +0 war axe
rCold   . . .        c - +0 buckler
rNeg    . . .        s - +0 chain mail
rPois   .            m - +1 helmet
rElec   .            (no cloak)
rCorr   .            (no gloves)
SInv    .            (no boots)
Will    .....        e - amulet of regeneration Stlth
                     p - +6 ring of dexterity
HPRegen 1.14/turn    r - +4 ring of slaying
MPRegen 0.11/turn

%: no passive effects
@: very slow
A: runic magic, artefact enchanting
a: Renounce Religion, Bend Time


You were on level 8 of the Dungeon.
You worshipped Cheibriados.
Cheibriados was aware of your devotion.
You visited 2 branches of the dungeon, and saw 9 of its levels.

You collected 447 gold pieces.

Inventory:

Hand Weapons
 a - a +0 war axe (weapon)
Armour
 c - a +0 buckler (worn)
 m - a +1 helmet (worn)
 s - a +0 chain mail (worn)
Jewellery
 e - an amulet of regeneration (around neck)
 g - a ring of protection from fire
 p - a +6 ring of dexterity (left hand)
 r - a +4 ring of slaying (right hand)
 t - a ring of fire
 w - an amulet of magic regeneration
Talismans
 q - a granite talisman
Wands
 b - a wand of digging (6)
 d - a wand of flame (26)
 y - a wand of charming (13)
Scrolls
 f - 2 scrolls of teleportation {unknown}
 h - a scroll of fear {unknown}
 i - 2 scrolls of amnesia
 j - a scroll of enchant armour {unknown}
 l - 2 scrolls of immolation
 n - a scroll of acquirement {unknown}
Potions
 k - 4 potions of enlightenment
 u - a potion of heal wounds
 x - a potion of cancellation
 z - a potion of ambrosia
 A - a potion of invisibility {unknown}
Miscellaneous
 o - a tin of tremorstones (1/2)
 v - a sack of spiders (inert)


   Skills:
 * Level 9.8 Fighting
 * Level 10.3 Axes
 + Level 7.0 Armour
 + Level 7.1 Shields


You had 8 spell levels left.
You didn't know any spells.
Your spell library contained the following spells:

 Spells                   Type           Power      Damage    Failure   Level
 Apportation              Tloc           0%         N/A       50%         1
 Necrotise                Necr           0%         1d4       50%         1
 Sting                    Conj/Alch      0%         1d3       50%         1
 Summon Small Mammal      Summ           0%         N/A       50%         1
 Call Imp                 Summ           0%         N/A       63%         2
 Ensorcelled Hibernation  Hex/Ice        0%         N/A       63%         2
 Sublimation of Blood     Necr           0%         N/A       63%         2
 Fugue of the Fallen      Necr           0%         N/A       86%         3
 Inner Flame              Hex/Fire       0%         N/A       86%         3
 Anguish                  Hex/Necr       0%         N/A       99%         4
 Irradiate                Conj/Alch      0%         3d11      100%        5
 Summon Hydra             Summ           0%         N/A       100%        7
 Ignition                 Fire           0%         3d3       100%        8


Dungeon Overview and Level Annotations

Branches:
Dungeon (8/15)             Temple (1/1) D:5
   Lair: D:8-11

Altars:
Cheibriados
Elyvilon
Fedhas
Gozag
Hepliaklqana
Kikubaaqudgha
Nemelex Xobeh
Ru
Trog
Vehumet
Zin
The Shining One

Shops:
D:8 (

Annotations:
D:4 2 runed translucent doors


Innate Abilities, Weirdness & Mutations

Your spellcasting is much less encumbered by armour.
You can use scrolls of enchantment on lesser artefacts.


Message History

You slash the yak! You hit the gnoll. You barely miss the yak.
You slash the gnoll!
The yak dies!
Cheibriados appreciates the change of pace.
The yak barely misses your scorpion. The yak gores you!
* * * LOW HITPOINT WARNING * * *
Your scorpion closely misses the yak.
You block the gnoll's attack. The gnoll barely misses you. x2
Your Armour skill increases to level 7!
You slash the yak!
The yak is almost dead.
You barely miss the gnoll. You hit the gnoll but do no damage.
You barely miss the yak. You block the yak's attack.
The yak gores your scorpion!
Your scorpion dies!
Your scorpion's corpse disappears in a puff of smoke!
You block the yak's attack. The gnoll hits you but does no damage.
The gnoll barely misses you.
You feel much better. The yak gores you. The yak gores you!
The gnoll hits you but does no damage.
The gnoll hits you from afar with a +0 spear.
The gnoll hits you with a +0 club.
You slash the yak!
You kill the yak!
Cheibriados appreciates the change of pace.
You slash the gnoll!
You kill the gnoll!
Cheibriados appreciates the change of pace.
You closely miss the gnoll. You hit the yak. The yak gores you.
The gnoll hits you with a +0 halberd!
* * * LOW HITPOINT WARNING * * *
The gnoll closely misses you. You block the yak's attack. The yak gores you.
* * * LOW HITPOINT WARNING * * *
You block the gnoll's attack. The gnoll attacks as it pursues you!
The gnoll hits you but does no damage. The yak gores you!
* * * LOW HITPOINT WARNING * * *
The yak gores you!
You die...
Cheibriados appreciates the motionlessness of death.

#....#.)..# +....#
#.<).#....###########....#
#).###...................#
#)######'#......∩........##
#........+.................
#........#........>........
#..##'####...........####..
#..##....#.)g..##+####
+..+.....#@.g..#
#..#.....'YY...#
##########.....#
.........^...###
.............#
Y............#
.............#
.............#
.............#


You could see 2 yaks and 2 gnolls.

Vanquished Creatures
  Sigmund (D:5)
  3 yaks (D:8)
  Eustachio (D:4)
  2 steam dragons
  Duvessa (D:4)
  2 sky beasts (D:7)
  An orc warrior (D:8)
  A black bear (D:4)
  An ice beast (D:7)
  3 ogres
  A centaur (D:7)
  A phantom (D:4)
  A kobold brigand (D:7)
  A bullfrog (D:6)
  2 scorpions
  4 wights (D:7)
  Dowan (D:4)
  A killer bee (D:4)
  A howler monkey (D:6)
  4 hounds
  2 jellies
  3 gnoll boudas
  2 orc priests
  5 iguanas
  2 sleepcaps
  6 orc wizards
  Robin (D:2)
  13 gnolls
  13 adders
  3 shadow imps
  4 dart slugs
  A ribbon worm (D:3)
  20 orcs
  6 bats
  4 endoplasms
  4 giant cockroaches
  9 goblins
  10 hobgoblins
  16 kobolds
  3 quokkas
  4 ball pythons
  3 frilled lizards
  2 rats
169 creatures vanquished.

Vanquished Creatures (collateral kills)
  A yak (D:8)
1 creature vanquished.

Grand Total: 170 creatures vanquished

Notes
Turn   | Place    | Note
-------+----------+-------------------------------------------
     0 | D:1      | retardedninja the Mountain Dwarf Fighter began the quest
                  | for the Orb.
     0 | D:1      | Reached XP level 1. HP: 19/19 MP: 1/1
   242 | D:1      | Reached XP level 2. HP: 26/26 MP: 2/2
   359 | D:1      | Reached skill level 3 in Axes
   747 | D:2      | Reached XP level 3. HP: 33/33 MP: 3/3
   785 | D:2      | Identified the +1 ring mail "Dameamia" {rPois Regen+ Slay+6
                  | Stlth-}
   825 | D:2      | Noticed Robin
   840 | D:2      | Killed Robin
  1243 | D:2      | Reached XP level 4. HP: 40/40 MP: 4/4
  2064 | D:3      | Reached skill level 4 in Axes
  2113 | D:3      | Reached XP level 5. HP: 35/47 MP: 5/5
  2428 | D:4      | Found a large runed translucent door.
  2428 | D:4      | Found a large runed translucent door.
  2455 | D:4      | Noticed a black bear
  2461 | D:4      | Killed a black bear
  2462 | D:4      | Reached skill level 5 in Fighting
  2462 | D:4      | Reached skill level 5 in Axes
  2462 | D:4      | Reached XP level 6. HP: 51/56 MP: 6/6
  2731 | D:4      | Found a large runed translucent door.
  2731 | D:4      | Found a large runed translucent door.
  2822 | D:4      | Noticed a steam dragon
  2829 | D:4      | HP: 2/56 [steam dragon (7)]
  2833 | D:4      | Killed a steam dragon
  2834 | D:4      | Reached XP level 7. HP: 18/62 MP: 7/7
  2937 | D:4      | Noticed Duvessa
  2939 | D:4      | Noticed Dowan
  2995 | D:4      | Reached skill level 6 in Axes
  3251 | D:4      | Killed Dowan
  3255 | D:4      | Killed Duvessa
  3256 | D:4      | Reached skill level 5 in Armour
  3256 | D:4      | Reached skill level 5 in Shields
  3327 | D:4      | You fall into a shaft and drop 3 floors!
  3368 | D:7      | Reached XP level 8. HP: 67/71 MP: 8/8
  3486 | D:7      | Reached skill level 7 in Axes
  3754 | D:6      | Reached skill level 8 in Axes
  3806 | D:5      | Entered Level 5 of the Dungeon
  3928 | D:5      | Found an opulent altar of Gozag.
  4164 | D:5      | Found a staircase to the Ecumenical Temple.
  4172 | Temple   | Entered the Ecumenical Temple
  4178 | Temple   | Became a worshipper of Cheibriados the Contemplative
  4319 | D:5      | Noticed Sigmund
  4328 | D:5      | Killed Sigmund
  4329 | D:5      | Reached XP level 9. HP: 81/81 MP: 9/9
  4942 | D:4      | Noticed Eustachio
  4951 | D:4      | Killed Eustachio
  5181 | D:6      | Reached skill level 9 in Axes
  5811 | D:7      | Reached * piety under Cheibriados
  6290 | D:8      | Found Vemmarcheti's Weapon Boutique.
  6348 | D:8      | Reached skill level 10 in Axes
  6355 | D:8      | Slain by a yak

Illustrated notes

Levels and vault maps discovered:
D:1:      mrwooster_arrival_arrow, layout_loops_ring, chequers_mini_garden,
          minmay_misc_feat_alley
D:2:      layout_basic, uniq_robin
D:3:      layout_basic
D:4:      layout_basic, minivault_14, minmay_misc_feat_square,
          minmay_hollow_rounded_squares, uniq_eustachio, uniq_duvessa
D:5:      layout_layer_cave, old_standard_altar, minmay_temple_entry_nine_rooms,
          uniq_sigmund
D:6:      layout_basic, nicolae_half_adder
D:7:      layout_basic
D:8:      layout_gridville, serial_shops, shop, uniq_grum
Temple:   hellmonk_temple_of_storms

Skill      XL: |  1  2  3  4  5  6  7  8  9 |
---------------+----------------------------+-----
Axes           | 3 4 5 6 8 10 | 10.3
Fighting       | 4 5 6 8 9 |  9.8
Shields        | 4 5 6 7 |  7.1
Armour         | 4 5 6 7 |  7.0

Action                     |  1- 3 |  4- 6 |  7- 9 || total
---------------------------+-------+-------+-------++-------
  Melee: War axe           |    85 |    95 |   280 ||   460
  Evoke: Sack of spiders   |       |       |     1 ||     1
         Tin of tremorston |       |       |     1 ||     1
    Use: Potion            |       |     4 |     4 ||     8
         Scroll            |       |       |     7 ||     7
 Armour: Scale mail        |    80 |       |       ||    80
         Ring mail         |     6 |     2 |       ||     8
         Chain mail        |       |    89 |   252 ||   341
  Dodge: Dodged            |    51 |    37 |   124 ||   212
  Block: Buckler           |    29 |    20 |   101 ||   150
         Form:             |       |     1 |       ||     1
         Statue            |       |     1 |       ||     1

Table legend: (Time is in decaauts)
 A = Elapsed time spent in this place.
 B = Non-inter-level travel time spent in this place.
 C = Inter-level travel time spent in this place.
 D = Time resting spent in this place.
 E = Time spent auto-exploring this place.
 F = Levels seen in this place.
 G = Mean time per level.
                   A        B        C        D        E       F      G
               +--------+--------+--------+--------+--------+-----+--------+
         Total |   7044 |   6797 |    247 |    627 |   4724 |   9 |  782.7 |
       Dungeon |   7031 |   6790 |    241 |    627 |   4724 |   8 |  878.9 |
        Temple |     12 |      7 |      5 |      0 |      0 |   1 |   12.0 |
               +--------+--------+--------+--------+--------+-----+--------+

Top non-repeatable levels by time:
     D:5: 1301 daAuts
     D:7: 1232 daAuts
     D:4: 1207 daAuts
     D:3: 1017 daAuts
     D:1: 753 daAuts
     D:6: 710 daAuts
     D:2: 645 daAuts
     D:8: 162 daAuts
  Temple: 12 daAuts
